Map: Cosmic Sapphire

Players

soO

  • Race: Zerg Zerg
  • Spawn Location: 11:00

Scarlett - Winner!

  • Race: Zerg Zerg
  • Spawn Location: 5:00

Event: HomeStory Cup XXII

VOD

Have the link to the VOD?

Description

Time

  • Played on: Dec. 16, 2022, 1:06 p.m.
  • Length: 6:43

All games in this series

Show
View Real Time Build Order
Export as new Build Order

soO Zerg 

Build Orders: Hatch First 

Get SALT Encoding   

  12  0:00  Drone  
  13  0:12  Overlord  
  13  0:16  Drone  
  14  0:30  Drone x2  
  16  0:47  Hatchery  
  15  0:51  Drone  
  15  0:54  Drone  
  17  0:57  Drone  
  18  1:08  Extractor  
  17  1:12  Spawning Pool  
  17  1:16  Drone  
  17  1:18  Drone  
  18  1:27  Drone  
  19  1:38  Drone  
  20  1:49  Drone  
  21  1:59  Zergling x2, Queen x2  
  21  2:00  Overlord  
  26  2:10  Drone x2  
  26  2:11  Metabolic Boost  
  28  2:21  Zergling x2  
  30  2:22  Drone  
  30  2:34  Drone  
  30  2:36  Hatchery  
  30  2:39  Drone  
  31  2:46  Drone  
  31  2:48  Overlord  
  31  2:50  Baneling Nest  
  31  2:58  Drone x2  
  33  3:07  Zergling x2  
  33  3:08  Zergling x2  
  33  3:09  Drone  
  33  3:11  Queen  
  39  3:12  Drone  
  39  3:13  Drone  
  39  3:15  Zergling x2  
  39  3:19  Zergling x2  
  42  3:21  Zergling x2  
  42  3:22  Zergling x2  
  42  3:26  Overlord  
  44  3:34  Baneling  
  44  3:35  Baneling  
  44  3:43  Baneling, Evolution Chamber  
  44  3:45  Drone x4  
  44  3:46  Drone x3  
  50  3:49  Drone  
  50  3:52  Drone  
  52  3:58  Drone x2  
  54  4:09  Drone  
  53  4:10  Drone  
  53  4:12  Drone  
  53  4:14  Zerg Missile Weapons Level 1, Extractor  
  53  4:15  Roach Warren  
  52  4:17  Drone  
  52  4:21  Drone x2  
  54  4:26  Zergling x2  
  54  4:28  Zergling x4  
  54  4:30  Zergling x2  
  58  4:33  Zergling x2  
  58  4:34  Overlord  
  58  4:35  Overlord  
  58  4:36  Zergling x4  
  57  4:40  Zergling x4  
  57  4:45  Zergling x2  
  52  4:49  Zergling x4  
  52  4:51  Zergling x2  
  52  4:52  Zergling x2, Queen  
  53  4:54  Zergling x6  
  53  4:57  Baneling  
  53  4:59  Queen  
  60  5:07  Drone x3  
  60  5:13  Roach x4  
  68  5:21  Roach  
  68  5:23  Overlord  
  68  5:26  Roach  
  72  5:32  Roach  
  71  5:39  Roach  
  71  5:40  Roach  
  71  5:43  Roach  
  71  5:44  Roach x2  
  71  5:48  Queen x2  
  73  5:54  Roach  
  73  5:55  Roach  
  73  5:56  Roach  
  72  6:02  Roach  
  72  6:03  Roach  
  68  6:07  Ravager  
  68  6:09  Zergling x2  
  68  6:10  Zergling x8  
  70  6:18  Roach x2  
  70  6:23  Roach  
Show
View Real Time Build Order
Export as new Build Order

Scarlett Zerg - Winner!

Build Orders: Hatch First 

Get SALT Encoding   

  12  0:00  Drone  
  13  0:12  Overlord  
  13  0:17  Drone  
  14  0:30  Drone x2  
  16  0:46  Hatchery  
  15  0:50  Drone  
  15  0:54  Drone  
  17  0:57  Drone  
  18  1:08  Extractor  
  17  1:12  Spawning Pool  
  17  1:15  Drone  
  17  1:18  Drone  
  18  1:28  Drone  
  19  1:38  Drone  
  20  1:49  Drone  
  21  1:58  Queen x2  
  21  1:59  Zergling x2, Overlord  
  26  2:09  Metabolic Boost, Drone  
  26  2:10  Drone  
  28  2:20  Zergling x2  
  28  2:21  Drone  
  30  2:36  Drone x2  
  32  2:37  Hatchery  
  32  2:43  Queen  
  33  2:48  Overlord  
  33  2:52  Zergling x2  
  34  2:59  Drone  
  34  3:02  Drone  
  36  3:07  Evolution Chamber  
  36  3:09  Drone x4  
  36  3:11  Drone  
  41  3:12  Drone  
  41  3:16  Drone  
  41  3:18  Drone  
  43  3:23  Overlord  
  43  3:25  Drone  
  44  3:34  Zerg Ground Armor Level 1  
  44  3:42  Extractor  
  44  3:43  Drone x2  
  44  3:45  Drone x3  
  44  3:46  Roach Warren  
  44  3:48  Zergling x4  
  49  3:50  Zergling x2  
  49  3:53  Zergling x2  
  51  3:55  Zergling x2  
  51  3:56  Zergling x2  
  51  4:00  Zergling x2  
  51  4:01  Zergling x2  
  55  4:08  Zergling x2  
  55  4:09  Zergling x2  
  54  4:12  Zergling x8  
  54  4:17  Overlord  
  57  4:19  Overlord  
  57  4:25  Queen  
  58  4:36  Roach x5  
  64  4:40  Roach x3  
  69  4:47  Roach x2  
  70  4:54  Roach, Overlord  
  70  4:56  Overlord  
  70  4:58  Roach  
  70  4:59  Zergling x2  
  73  5:04  Zergling x4  
  71  5:07  Zergling x2  
  71  5:08  Zergling x2  
  71  5:10  Overlord  
  73  5:15  Zergling x8  
  73  5:20  Zergling x2  
  78  5:22  Zergling x4  
  78  5:31  Zergling x6  
  78  5:32  Zergling x4  
  78  5:35  Zergling x12  
  85  5:45  Zergling x4  
  85  5:48  Zergling x2  
  85  5:52  Ravager  
  85  5:54  Zergling x2, Ravager  
  84  5:58  Zergling x10  
  84  6:01  Zergling x6  
  84  6:02  Ravager  
  88  6:06  Zergling x2  
  88  6:09  Zergling x8  
  90  6:22  Zergling x6  
  85  6:41  Hatchery  
Tags
 
Add a new tag
Caveats
  • Supply blocks, unpowered buildings, or Contaminate may cause inaccurate times.
  • Supply counts are checked every 10 seconds.